 Dungeon Crawl Stone Soup version 0.30.1-9-gdf580d7c3d (webtiles) character file.

Game seed: 18135911031492281042

362 Atelerd the Digger (level 6, -1/36 HPs)
             Began as an Octopode Earth Elementalist on Sept 24, 2023.
             Was an Initiate of Sif Muna.
             Slain by a hobgoblin
             ... wielding a +0 scythe
              (8 damage)
             ... on level 5 of the Dungeon.
             The game lasted 00:03:55 (2838 turns).

Atelerd the Digger (Octopode Earth Elementalist)    Turns: 2838, Time: 00:03:55

Health: -1/36      AC:  1    Str:  8    XL:     6   Next: 66%
Magic:  11/11      EV: 13    Int: 17    God:    Sif Muna [......]
Gold:   219        SH:  0    Dex: 14    Spells: 4/12 levels left

rFire   . . .        d - +3 rapier (venom)
rCold   . . .        (no shield)
rNeg    . . .        (helmet restricted)
rPois   .            o - amulet of regeneration
rElec   .            (no ring)
rCorr   .            (no ring)
SInv    .            (no ring)
Will    .....        (no ring)
Stlth   ++++         (no ring)
HPRegen 1.06/turn    (no ring)
MPRegen 0.12/turn    (no ring)
                     (no ring)

%: no passive effects
@: no status effects
A: almost no armour, amphibious, 8 rings, camouflage 1, gelatinous body 1,
(nimble swimmer 1), tentacles
a: Renounce Religion


You were on level 5 of the Dungeon.
You worshipped Sif Muna.
Sif Muna was noncommittal.
You visited 1 branch of the dungeon, and saw 5 of its levels.

You collected 219 gold pieces.

Inventory:

Hand Weapons
 d - a +3 rapier of venom (weapon)
 f - a +0 short sword
Missiles
 l - 3 curare-tipped darts
Magical Staves
 j - a staff of cold
Jewellery
 e - an amulet of reflection
 o - an amulet of regeneration (around mantle)
Scrolls
 g - 3 scrolls of enchant armour
 h - a scroll of teleportation
 i - a scroll of silence
 q - 2 scrolls of noise
Potions
 a - a potion of magic
 b - a potion of brilliance {unknown}
 c - 2 potions of cancellation
 k - a potion of degeneration {unknown}
 m - a potion of flight {unknown}
 n - a potion of curing {unknown}
 p - 2 potions of attraction {unknown}
 r - a potion of lignification {unknown}
 s - a potion of mutation {unknown}


   Skills:
 - Level 1.0 Short Blades
 - Level 2.0 Dodging
 * Level 4.5 Stealth
 + Level 3.5 Spellcasting
 * Level 2.6 Transmutations
 * Level 5.1 Earth Magic


You had 4 spell levels left.
You knew the following spells:

 Your Spells              Type           Power      Damage    Failure   Level
a - Sandblast             Erth           40%        2d10      1%          1
b - Mephitic Cloud        Conj/Pois/Air  2%         N/A       45%         3
p - Petrify               Tmut/Erth      16%        N/A       32%         4

Your spell library contained the following spells:

 Spells                   Type           Power      Damage    Failure   Level
 Passwall                 Tmut/Erth      13%        N/A       4%          2
 Magic Dart               Conj           8%         1d3       17%         1
 Stone Arrow              Conj/Erth      22%        3d8       17%         3
 Call Imp                 Summ           4%         N/A       26%         2
 Volatile Blastmotes      Fire/Tloc      4%         2d10      45%         3
 Fulminant Prism          Conj/Hex       1%         3d5       86%         4
 Iskenderun's Mystic Bla  Conj/Tloc      2%         2d3       86%         4
 Lee's Rapid Deconstruct  Erth           10%        3d8*      50%         5


Dungeon Overview and Level Annotations

Branches:
Dungeon (5/15)
 Temple: D:4-7

Altars:
Fedhas
Nemelex Xobeh
Okawaru
Qazlal
Ru
Sif Muna
Trog
Vehumet
Zin
The Shining One

Annotations:
D:3 2 transporters, tykejmi's ghost, amateur DrEE
D:5 1 runed translucent door, baghtru's ghost, novice HOFi


Innate Abilities, Weirdness & Mutations

You cannot wear most types of armour.
You are amphibious.
You can wear up to eight rings at the same time.
Your skin changes colour to match your surroundings (Stealth+).
Your rubbery body absorbs attacks. (AC +1, EV +1)
((You are camouflaged when in or above water. (Stealth+)))
You have tentacles for arms and can constrict up to eight enemies at once.


Message History

An iguana is nearby!
The helpless iguana fails to defend itself.
You puncture the iguana! You grab the iguana.
You squeeze the iguana, but do no damage.
The iguana is severely wounded.
You constrict the iguana. The iguana bites you.
You hit the iguana but do no damage.
The iguana is poisoned.
You squeeze the iguana, but do no damage.
The iguana is almost dead.
You constrict the iguana.
You kill the iguana!
Sif Muna accepts your kill.
You can't see any susceptible monsters within range! (Use Z to cast anyway.)
Found 8 stones.
You see here 8 stones.
Key pressed, stopping explore.
Unknown command.
Found a runed translucent door.
Found a robe.
s - a white potion You open the door. 2 hobgoblins come into view.
There are monsters nearby!
There are monsters nearby! 2 gnolls come into view.
The hobgoblin shouts!
The gnoll shouts!
The hobgoblin shouts!
The gnoll shouts!
The hobgoblin hits you with a +0 scythe!
The gnoll barely misses you. The gnoll hits you with a +0 scythe!
The hobgoblin hits you with a +0 scythe!
* * * LOW HITPOINT WARNING * * *
There is an open door, spattered with blood here.
Okay, then.
Okay, then.
Okay, then.
Okay, then.
You aren't carrying any items that you can evoke.
It was a potion of cancellation.
You feel magically purged. The gnoll misses you. The gnoll barely misses you.
The hobgoblin hits you with a +0 scythe!
You die... #~~~# #~[~# #~~~# ### #~w~# #.# #WSS#

#.##### #FW~# #..#gg#
##+## #######..@g.# #...#
.........#g.# ##.##
#######.###############...
#.#.................
####.#.################
#....#.# #.####.# #.##.#.#
#....#.#


You could see 2 gnolls and 2 hobgoblins.

Vanquished Creatures
  A phantom (D:4)
  2 scorpions
  A hound (D:4)
  An iguana (D:5)
  An orc wizard (D:4)
  2 adders (D:3)
  3 worms
  2 dart slugs
  6 orcs (D:4)
  6 ball pythons
  3 bats
  8 endoplasms
  3 giant cockroaches
  7 goblins
  2 hobgoblins
  2 jackals (D:1)
  8 kobolds
  A quokka (D:2)
  5 frilled lizards
  6 rats
70 creatures vanquished.

Notes
Turn   | Place    | Note
-------+----------+-------------------------------------------
     0 | D:1      | Atelerd the Octopode Earth Elementalist began the quest for
                  | the Orb.
     0 | D:1      | Reached XP level 1. HP: 11/11 MP: 3/3
   106 | D:1      | Reached XP level 2. HP: 17/17 MP: 3/5
   456 | D:1      | Reached XP level 3. HP: 21/21 MP: 3/6
   812 | D:1      | Reached skill level 4 in Earth Magic
  1016 | D:2      | You fall into a shaft and drop 1 floor!
  1638 | D:3      | Found a transporter.
  1671 | D:3      | Found a transporter.
  1722 | D:3      | Noticed tykejmi's ghost (amateur DrEE)
  1769 | D:3      | Reached XP level 4. HP: 27/27 MP: 6/8
  2184 | D:4      | Learned a level 4 spell: Petrify
  2188 | D:4      | Learned a level 3 spell: Mephitic Cloud
  2238 | D:4      | Noticed a scorpion
  2255 | D:4      | Killed a scorpion
  2256 | D:4      | Reached XP level 5. HP: 31/31 MP: 5/9
  2326 | D:4      | Reached skill level 1 in Short Blades
  2328 | D:4      | Noticed a phantom
  2364 | D:4      | Killed a phantom
  2365 | D:4      | Reached XP level 6. HP: 21/36 MP: 1/11
  2452 | D:4      | Found a glowing golden altar of the Shining One.
  2452 | D:4      | Found a bloodstained altar of Trog.
  2452 | D:4      | Found a shimmering blue altar of Sif Muna.
  2452 | D:4      | Found a sparkling altar of Nemelex Xobeh.
  2453 | D:4      | Found a sacrificial altar of Ru.
  2453 | D:4      | Found an iron altar of Okawaru.
  2454 | D:4      | Found a stormy altar of Qazlal.
  2455 | D:4      | Found a radiant altar of Vehumet.
  2455 | D:4      | Found a blossoming altar of Fedhas.
  2456 | D:4      | Found a glowing silver altar of Zin.
  2459 | D:4      | Became a worshipper of Sif Muna the Loreminder
  2664 | D:5      | Entered Level 5 of the Dungeon
  2682 | D:5      | Reached skill level 5 in Earth Magic
  2789 | D:5      | Found a runed translucent door.
  2791 | D:5      | Noticed baghtru's ghost (novice HOFi)
  2838 | D:5      | Slain by a hobgoblin

Illustrated notes

Levels and vault maps discovered:
D:1:      dpeg_arrival_tiny_a, layout_loops_cross, hangedman_decor_push,
          minmay_fountain_box
D:2:      layout_basic
D:3:      layout_rooms, gammafunk_ghost_stat_death
D:4:      layout_rooms, nicolae_overflows_in_rows
D:5:      layout_basic, ebering_ghost_sewer_f, roderic_batcave,
          minmay_misc_feat_alley, sigmund_army

Skill      XL: |  1  2  3  4  5  6 |
---------------+-------------------+-----
Earth Magic    | 4 5 |  5.1
Spellcasting   | 3 |  3.5
Stealth        | 3 4 |  4.5
Short Blades   | 1 |  1.0
Transmutations | 2 |  2.6
Dodging        | |  2.0

Action                     |  1- 3 |  4- 6 || total
---------------------------+-------+-------++-------
  Melee: Unarmed           |     2 |       ||     2
         Short sword       |     4 |     9 ||    13
         Tentacles         |     2 |     4 ||     6
         Constrict         |     1 |     3 ||     4
         Rapier            |       |     3 ||     3
   Cast: Sandblast         |    51 |    50 ||   101
         Petrify           |       |     3 ||     3
    Use: Scroll            |       |     5 ||     5
         Potion            |       |     2 ||     2
   Stab: Sleeping          |     2 |     1 ||     3
         Petrified         |       |     7 ||     7
         Petrifying        |       |     1 ||     1
 Armour: Skin              |       |     1 ||     1
  Dodge: Dodged            |     6 |    30 ||    36
  Block: Other             |     4 |     1 ||     5
